 Dungeon Crawl Stone Soup version 0.29-a0-43-g62a80824bf (webtiles) character file.

Game seed: 17939571433226920537

252 HallandMoats the Skirmisher (level 6, -4/51 HPs)
             Began as an Octopode Fighter on Feb 3, 2022.
             Shot with an arrow by a centaur (8 damage)
             ... on level 4 of the Dungeon.
             The game lasted 00:03:00 (2902 turns).

HallandMoats the Skirmisher (Octopode Fighter)      Turns: 2902, Time: 00:03:01

Health: -4/51      AC:  1    Str: 15    XL:     6   Next: 14%
Magic:  0/8        EV: 13    Int: 16    God:
Gold:   145        SH:  5    Dex: 14    Spells: 5/5 levels left

rFire   . . .      SeeInvis .   a - +0 war axe
rCold   . . .      Faith    .   b - +0 buckler
rNeg    . . .      Spirit   +   (helmet restricted)
rPois   .          Reflect  .   f - amulet of guardian spirit
rElec   .          Harm     .   d - +6 ring of intelligence
rCorr   .          Rampage  .   (no ring)
Will    .....                   (no ring)
Stlth   ++........              (no ring)
HPRegen 0.17/turn               (no ring)
MPRegen 0.11/turn               (no ring)
                                (no ring)
                                (no ring)

@: mighty
A: almost no armour, amphibious, 8 rings, camouflage 1, gelatinous body 1,
(nimble swimmer 1), tentacles, robust 2
a: no special abilities


You were on level 4 of the Dungeon.
You visited 1 branch of the dungeon, and saw 4 of its levels.

You collected 145 gold pieces.

Inventory:

Hand Weapons
 a - a +0 war axe (weapon)
Armour
 b - a +0 buckler (worn)
Jewellery
 d - a +6 ring of intelligence (left tentacle)
 f - an amulet of guardian spirit (around mantle)
Scrolls
 e - a scroll of enchant weapon
 g - a scroll of fog {unknown}
Potions
 c - a potion of might
 h - a potion of brilliance


   Skills:
 * Level 4.2 Fighting
 * Level 3.4 Axes
 + Level 3.6 Dodging
 + Level 3.6 Shields
 * Level 2.7 Invocations


You had 5 spell levels left.
You didn't know any spells.
Your spell library was empty.

Dungeon Overview and Level Annotations

Branches:
Dungeon (4/15)
 Temple: D:4-7

Altars:

Annotations:
D:4 Sigmund


Innate Abilities, Weirdness & Mutations

You cannot wear most types of armour.
You are amphibious.
You can wear up to eight rings at the same time.
Your skin changes colour to match your surroundings (Stealth+).
Your rubbery body absorbs attacks. (AC +1, EV +1)
((You are camouflaged when in or above water. (Stealth+)))
You have tentacles for arms and can constrict up to eight enemies at once.
You are very robust. (+20% HP)


Message History

No target in view!
No target in view!
A hobgoblin comes into view.
A hobgoblin is nearby!
A hobgoblin is nearby!
A hobgoblin is nearby!
A centaur comes into view.
Found a blue potion.
The centaur shouts!
The centaur wields a +0 shortbow.
The centaur shoots an arrow.
The arrow hits you!
You closely miss the hobgoblin.
The hobgoblin shouts!
You grab the hobgoblin. You constrict the hobgoblin.
You hear a shout!
The centaur shoots an arrow.
The arrow hits you! The hobgoblin barely misses you.
The hobgoblin closely misses you.
You slash the hobgoblin!
You kill the hobgoblin!
The centaur shoots an arrow.
The arrow barely misses you.
Sigmund the Dreaded comes into view.
He is wielding a +0 scythe.
The centaur shoots an arrow.
The arrow hits you. Sigmund casts a spell at you.
You are confused.
You feel very mighty all of a sudden.
The centaur shoots an arrow.
The arrow hits you.
Unknown command.
The centaur shoots an arrow.
The arrow barely misses you. Sigmund casts a spell at you.
You resist with some effort.
You bump into the rock wall.
The centaur shoots an arrow.
The arrow hits you!
The centaur shoots an arrow.
The arrow closely misses you.
You're too confused to move!
The centaur shoots an arrow.
The arrow hits you!
* * * LOW HITPOINT WARNING * * *
You feel less confused.
The centaur shoots an arrow.
You block the arrow.
The centaur shoots an arrow.
The arrow hits you!
* * * LOW HITPOINT WARNING * * *
The centaur shoots an arrow.
The arrow hits you!
You die...

#......###...##...##
#.#.#.# #
#.#####.#......###.##
#.#.#.# # #.# ##.#....##
##.###.#.#.# # #.#
#......# #......)..# #
#.# ###.#..#
##.......#######
#.##.<###.####..........
#.##.#...## ###.#######
#.##.#.#########.# #
#(..@.......#.# #
#.=.#######.#)# #
#.....# #.# # ##..#.#
#.# # #....@# #.# #
#c...... #.. #
#.#....#... |
#!###..#####.# # ..#
##.# #


You could see a centaur.

Vanquished Creatures
  An ogre (D:4)
  A water moccasin skeleton (D:3)
  A hound (D:3)
  An adder (D:4)
  A howler monkey skeleton (D:3)
  5 dart slugs
  A worm (D:2)
  An orc (D:4)
  3 ball pythons
  4 bats
  5 endoplasms
  4 giant cockroaches
  3 goblins
  6 hobgoblins
  2 jackals (D:2)
  3 quokkas
  3 frilled lizards (D:2)
  6 kobolds
  9 rats
60 creatures vanquished.

Notes
Turn   | Place    | Note
-------+----------+-------------------------------------------
     0 | D:1      | HallandMoats the Octopode Fighter began the quest for the
                  | Orb.
     0 | D:1      | Reached XP level 1. HP: 16/16 MP: 1/1
   235 | D:1      | Reached XP level 2. HP: 20/21 MP: 2/2
   574 | D:1      | Reached XP level 3. HP: 20/26 MP: 3/3
   911 | D:2      | Reached skill level 1 in Invocations
  1487 | D:3      | Gained mutation: You are robust. (+10% HP) [potion of
                  | mutation]
  1487 | D:3      | Gained mutation: You are very robust. (+20% HP) [potion of
                  | mutation]
  1662 | D:3      | Reached XP level 4. HP: 36/39 MP: 3/5
  1845 | D:3      | Reached XP level 5. HP: 32/44 MP: 6/6
  2064 | D:3      | Reached skill level 4 in Fighting
  2488 | D:4      | Noticed an ogre
  2493 | D:4      | Killed an ogre
  2494 | D:4      | Reached XP level 6. HP: 33/51 MP: 4/7
  2896 | D:4      | Noticed Sigmund
  2902 | D:4      | Shot with an arrow by a centaur

Illustrated notes

Levels and vault maps discovered:
D:1:      dpeg_arrival_shrine, layout_rooms
D:2:      layout_rooms
D:3:      layout_basic
D:4:      layout_loops_ring, minmay_temple_entry_enclosed_plants, uniq_sigmund

Skill      XL: |  1  2  3  4  5 |
---------------+----------------+-----
Invocations    | 1 2 |  2.7
Axes           | 3 |  3.4
Fighting       | 4 |  4.2
Dodging        | |  3.6
Shields        | |  3.6

Action                   |  1- 3 |  4- 6 || total
-------------------------+-------+-------++-------
Melee: War axe           |    68 |    41 ||   109
       Tentacles         |    11 |     9 ||    20
       Constrict         |    16 |     9 ||    25
  Use: Scroll            |     3 |     1 ||     4
       Potion            |     1 |     2 ||     3
 Stab: Sleeping          |    10 |     4 ||    14
       Distracted        |       |     1 ||     1
Armor: Skin              |     3 |       ||     3
Dodge: Dodged            |    46 |    24 ||    70
Block: Buckler           |    10 |     5 ||    15

Table legend: (Time is in decaauts)
 A = Elapsed time spent in this place.
 B = Non-inter-level travel time spent in this place.
 C = Inter-level travel time spent in this place.
 D = Time resting spent in this place.
 E = Time spent auto-exploring this place.
 F = Levels seen in this place.
 G = Mean time per level.
                   A        B        C        D        E       F      G
               +--------+--------+--------+--------+--------+-----+--------+
         Total |   2945 |   2848 |     97 |      0 |   2435 |   4 |  736.2 |
       Dungeon |   2945 |   2848 |     97 |      0 |   2435 |   4 |  736.2 |
               +--------+--------+--------+--------+--------+-----+--------+

Top non-repeatable levels by time:
     D:3: 925 daAuts
     D:1: 821 daAuts
     D:2: 686 daAuts
     D:4: 511 daAuts
